AoeStats
← Puffmutti

Arena

509953673Analyzed
2v2 RM · 4d ago on Sep 28, 2026· 47m 30s· 4 players
Game mode
Random Map
Map size
Medium (4 player)
Population
200
Speed
Normal
Resources
Standard
Victory
Conquest
Starting age
Dark Age
Ending age
Imperial Age
RankedLock teamsTeams togetherTeam positionsShared explorationLock speedFull tech treeHidden civsTurbo modeCheats
Victory
Defeat
🇩🇪 Khmer · Germany
1147
+15
🇩🇪 Vikings · Germany
1101
+16
🇵🇰 Japanese · Pakistan
1124
-16
🇵🇰 Khmer · Pakistan
1102
-15
A G H A
11:20 Feudal Age
13:35 Loom
16:16 Castle Age
14:39 Horse Collar
15:24 Double-Bit Axe
19:19 Bow Saw
19:42 Heavy Plow
25:29 Scale Barding Armor
25:28 Scale Mail Armor
26:31 Chain Mail Armor
26:38 Forging
31:19 Iron Casting
45:07 Wheelbarrow
44:17 Town Watch
47:52 Imperial Age
OBX
11:06 Feudal Age
13:55 Castle Age
12:09 Double-Bit Axe
12:20 Horse Collar
19:32 Gold Mining
21:18 Scale Barding Armor
21:21 Loom
22:13 Wheelbarrow
23:10 Forging
25:35 Gold Shaft Mining
25:04 Heavy Plow
25:18 Bow Saw
29:16 Chain Barding Armor
29:31 Iron Casting
33:04 Hand Cart
35:20 Imperial Age
33:59 Bloodlines
37:33 Cavalier
39:41 Heavy Scorpion
44:13 Light Cavalry
45:08 Hussar
46:27 Plate Barding Armor
46:52 Blast Furnace
Rexlity.-
10:39 Feudal Age
13:48 Castle Age
19:36 Double-Bit Axe
24:08 Bow Saw
27:03 Gold Mining
30:58 Imperial Age
29:33 Wheelbarrow
28:51 Fletching
29:23 Ballistics
28:57 Loom
28:58 Town Watch
29:17 Horse Collar
30:04 Bodkin Arrow
30:20 Forging
30:50 Gold Shaft Mining
30:02 Light Cavalry
30:52 Bloodlines
30:43 Husbandry
32:01 Scale Barding Armor
31:22 Heavy Scorpion
32:20 Town Patrol
32:37 Hand Cart
31:52 Hussar
33:10 Double Crossbow
33:30 Conscription
33:19 Heavy Plow
34:42 Iron Casting
34:28 Chain Barding Armor
36:28 Chemistry
35:31 Bracer
36:31 Blast Furnace
38:28 Plate Barding Armor
38:31 Crop Rotation
41:17 Murder Holes
41:27 Siege Engineers
Puffmutti
10:14 Feudal Age
14:37 Castle Age
12:37 Double-Bit Axe
15:11 Horse Collar
21:59 Bow Saw
24:36 Gold Mining
30:21 Imperial Age
29:15 Treadmill Crane
39:26 Pikeman
44:10 Elite Varangian Guard
Connection lost

Rejoining the realm…

Still unreachable

The connection could not be restored.

Session expired

The server has moved on; the page needs a fresh start.